 Dungeon Crawl Stone Soup version 0.23-a0-642-g3120c2f (webtiles) character file.

275 MisterFreud the Chiller (level 6, -2/36 HPs)
             Began as an Octopode Ice Elementalist on Dec 30, 2018.
             Slain by Pikel
             ... wielding a +0 whip of flaming
              (9 damage)
             ... on level 3 of the Dungeon.
             The game lasted 00:09:59 (3543 turns).

MisterFreud the Chiller (Octopode Ice Elementalist) Turns: 3543, Time: 00:10:00

Health: -2/36      AC:  1    Str:  7    XL:     6   Next: 24%
Magic:  7/10       EV: 14    Int: 20    God:
Gold:   160        SH:  4    Dex: 12    Spells: 7/11 levels left

rFire    . . .     SeeInvis .   m - +1 falchion
rCold    . . .     Gourm    .   (no shield)
rNeg     . . .     Faith    .   (helmet restricted)
rPois    .         Spirit   .   a - +4 amulet of reflection
rElec    .         Reflect  +   c - ring of stealth
rCorr    .         Harm     .   (no ring)
MR       .....                  (no ring)
Stlth    ++++......             (no ring)
HPRegen  0.12/turn              (no ring)
MPRegen  0.12/turn              (no ring)
                                (no ring)
                                (no ring)

@: no status effects
A: almost no armour, stealthy swim, amphibious, 8 rings, constrict 8, camouflage
1, gelatinous body 1
a: no special abilities


You were on level 3 of the Dungeon.
You were very hungry.

You visited 1 branch of the dungeon, and saw 4 of its levels.

You collected 160 gold pieces.

Inventory:

Hand Weapons
 m - a +1 falchion (weapon)
 r - a +0 war axe of electrocution
Missiles
 d - 134 stones (quivered)
 e - 3 tomahawks of returning
 f - 9 poisoned needles
 q - 43 sling bullets
 s - 36 bolts
Armour
 j - a +0 shield
Jewellery
 a - a +4 amulet of reflection (around mantle)
 c - a ring of stealth (left tentacle)
Scrolls
 g - a scroll of teleportation
 l - 3 scrolls of enchant weapon
 t - a scroll of amnesia {unknown}
Potions
 i - a potion of curing {unknown}
 k - a potion of degeneration {unknown}
 o - 2 potions of ambrosia
 p - 2 potions of berserk rage
 u - a potion of haste {unknown}
Comestibles
 b - 9 rations


   Skills:
 + Level 3.0 Dodging
 - Level 2.6 Stealth
 - Level 3.0 Spellcasting
   Level 1.0 Conjurations
 - Level 4.0 Charms
 - Level 4.0 Ice Magic


You had 7 spell levels left.
You knew the following spells:

 Your Spells              Type           Power        Failure   Level  Hunger
a - Freeze                Ice            ###.         2%          1    None
b - Ozocubu's Armour      Chrm/Ice       ###.....     9%          3    ###....

Your spell library contained the following spells:

 Spells                   Type           Power        Failure   Level  Hunger
 Throw Frost              Conj/Ice       ##....       8%          2    ##.....
 Throw Icicle             Conj/Ice       ##......     45%         4    ####...
 Summon Ice Beast         Ice/Summ       ##......     52%         4    ####...


Dungeon Overview and Level Annotations

Branches:
Dungeon (4/15)
 Temple: D:4-7

Altars:
Fedhas
Gozag
Nemelex Xobeh
Qazlal
Trog
Yredelemnul

Shops:
D:4 [(

Annotations:
D:3 Pikel


Innate Abilities, Weirdness & Mutations

You cannot wear most types of armour.
You are very stealthy in the water. (Stealth+)
You are amphibious.
You can wear up to eight rings at the same time.
You can use your tentacles to constrict eight enemies at once.
Your skin changes colour to match your surroundings (Stealth+).
Your rubbery body absorbs attacks. (AC +1, EV +1)


Message History

You climb upwards.
There is a stone staircase leading down here.
You barely miss the orc. Your grab misses the orc.
The orc hits you with a +0 falchion. The orc hits you. Pikel barely misses you.
The orc hits you but does no damage.
You closely miss the orc. You grab the orc.
You constrict the orc, but do no damage.
The orc misses you.
Pikel hits you with a +0 whip of flaming.
* * * LOW HITPOINT WARNING * * *
Pikel burns you.
* * * LOW HITPOINT WARNING * * *
The orc completely misses you. The orc hits you.
* * * LOW HITPOINT WARNING * * *
You hit the orc but do no damage. You squeeze the orc.
The orc is severely wounded.
You constrict the orc.
You kill the orc!
Pikel hits you with a +0 whip of flaming!
You die...

#........# #........# #
#.##.##..###........###
#..#......[.<.......#.. ##
##.#####.##...........# .######
#.## #..#.........##. ......#
#..# ##.##........##. #####.#
##.## #..............
#.#######..####.......)...##.
#####..........o@K).#.........##.
........#######o#####.#####.#.#..
###..#.## ##....#............#
#....#.# #.....#..#....##.###
#...##.#######..........#####....
#_..#........))............#####.
######....####.....##..###)......
#_..###...## #.....#...#########.
#...####...###.....#.#..##.......


You could see Pikel and 2 orcs.

Vanquished Creatures
  2 slaves (D:3)
  A crimson imp (D:4)
  3 orc wizards (D:4)
  A worker ant (D:4)
  Robin (D:3)
  An adder (D:3)
  2 oozes
  2 worms
  2 dart slugs (D:3)
  A leopard gecko (D:3)
  10 orcs
  8 bats
  4 giant cockroaches
  13 hobgoblins
  3 jackals (D:1)
  4 frilled lizards (D:3)
  19 goblins
  4 kobolds
  10 rats
91 creatures vanquished.

Notes
Turn   | Place    | Note
-------+----------+-------------------------------------------
     0 | D:1      | MisterFreud the Octopode Ice Elementalist began the quest
                  | for the Orb.
     0 | D:1      | Reached XP level 1. HP: 11/11 MP: 3/3
   200 | D:1      | Reached XP level 2. HP: 17/17 MP: 1/5
   748 | D:2      | Reached XP level 3. HP: 21/21 MP: 6/6
  1079 | D:2      | Learned a level 3 spell: Ozocubu's Armour
  1287 | D:3      | Found a stormy altar of Qazlal.
  1326 | D:3      | Found an opulent altar of Gozag.
  1357 | D:3      | Noticed Robin
  1361 | D:3      | Reached XP level 4. HP: 18/27 MP: 8/8
  1676 | D:3      | Reached skill level 1 in Charms
  1682 | D:3      | Killed Robin
  1845 | D:3      | Found a bloodstained altar of Trog.
  2075 | D:3      | Found a sparkling altar of Nemelex Xobeh.
  2137 | D:3      | Found a blossoming altar of Fedhas.
  2142 | D:3      | Reached XP level 5. HP: 27/31 MP: 9/9
  2386 | D:3      | Found a basalt altar of Yredelemnul.
  2490 | D:4      | Found Inaedaewoa's Antique Weapon Shoppe.
  2701 | D:4      | Found Plog's Armour Emporium.
  2813 | D:4      | Reached XP level 6. HP: 29/36 MP: 10/10
  2922 | D:4      | Noticed Pikel
  2922 | D:4      | Noticed a slave
  2922 | D:4      | Noticed a slave
  2922 | D:4      | Noticed a slave
  2929 | D:4      | Noticed a slave
  2994 | D:3      | HP: 1/36 [slave[Pikel] (3)]
  2997 | D:3      | Killed a slave
  3311 | D:3      | Killed a slave
  3543 | D:3      | Slain by Pikel

Vault maps used:
D:1:      tarquinn_simple_flora_water_a
D:2:      first_ration
D:3:      nemelex_altar_shiori, old_standard_altar,
          nicolae_overflow_quartered_altars, uniq_robin
D:4:      serial_shops, nicolae_shop_stone, shop, nicolae_shop_trees,
          kennysheep_mini_moat, shop, minmay_pentomino_pile, uniq_pikel

Skill      XL: |  1  2  3  4  5  6 |
---------------+-------------------+-----
Ice Magic      | 4 |  4.0
Spellcasting   | 3 |  3.0
Charms         | 2 4 |  4.0
Dodging        | 3 |  3.0
Stealth        | |  2.6
Conjurations   | |  1.0

Action                   |  1- 3 |  4- 6 || total
-------------------------+-------+-------++-------
Melee: Unarmed           |     4 |       ||     4
       Dagger            |    22 |       ||    22
       Constrict         |    22 |    30 ||    52
       Tentacles         |    15 |    23 ||    38
       Falchion          |    31 |   104 ||   135
Throw: Stone             |    15 |    10 ||    25
 Cast: Freeze            |    18 |    19 ||    37
       Ozocubu's Armour  |       |     5 ||     5
  Use: Scroll            |     5 |       ||     5
       Potion            |       |     2 ||     2
 Stab: Sleeping          |     8 |     6 ||    14
  Eat: Chunk             |     2 |     6 ||     8
Armor: Skin              |     4 |     6 ||    10
Dodge: Dodged            |    29 |    95 ||   124
Block: Other             |     8 |    11 ||    19
       Rpst.: Falchion   |     7 |    21 ||    28

Table legend:
 A = Non-vault XP
 B = Vault XP
 C = Vault XP percentage of total XP
 D = Non-vault monster count
 E = Vault monster count
 F = Vault count percentage of total count
                 A         B        C        D         E       F
            +---------+---------+-------+---------+---------+-------
      Total |     357 |      36 |   9.2 |      77 |      12 |  13.5
            +---------+---------+-------+---------+---------+-------
        D:1 |      33 |       0 |   0.0 |      21 |       0 |   0.0
        D:2 |      35 |       2 |   5.4 |      16 |       1 |   5.9
        D:3 |      76 |      34 |  30.9 |      29 |      11 |  27.5
        D:4 |     213 |       0 |   0.0 |      11 |       0 |   0.0
            +---------+---------+-------+---------+---------+-------
